 Dungeon Crawl Stone Soup version 0.30-a0-1157-g2cc9ac7196 (webtiles) character file.

Game seed: 9252322266026872828

67626 cforsyth the Nimble (level 14, -6/127 HPs)
             Began as a Demigod Summoner on Apr 22, 2023.
             Shot with a bolt by a yaktaur captain (32 damage)
             ... on level 13 of the Dungeon on Apr 24, 2023.
             The game lasted 01:00:15 (27111 turns).

cforsyth the Nimble (Demigod Summoner)             Turns: 27111, Time: 01:00:15

Health: -6/127     AC: 11    Str: 18    XL:     14   Next: 43%
Magic:  18/42      EV: 18    Int: 29    God:
Gold:   1661       SH:  0    Dex: 14    Spells: 5/34 levels left

rFire   + . .        K - +9 staff of Olgreb {rPois∞}
rCold   + . .        (no shield)
rNeg    . . .        S - +2 robe of Norol Xap {rPois rF+ Str+5}
rPois   ∞            Z - +0 helmet
rElec   .            C - +0 cloak
rCorr   .            F - +0 pair of gloves
SInv    .            (no boots)
Will    +....        i - amulet "Bytyk" {rC+ Regen+}
Stlth   ++           B - ring of wizardry
HPRegen 1.21/turn    s - ring "Umofexzy" {MP+9 AC+4}
MPRegen 0.28/turn

%: wizardry (x1)
@: forested
A: high MP 1, forlorn, divine attributes
a: Evoke the Staff of Olgreb


You were on level 13 of the Dungeon.
You visited 3 branches of the dungeon, and saw 20 of its levels.
You also visited: Sewer.

You collected 1905 gold pieces.
You spent 244 gold pieces at shops.

Inventory:

Hand Weapons
 K - the +9 staff of Olgreb (weapon) {rPois∞}
   (You found it on level 8 of the Dungeon)

   It enhances your poison magic.
   It grants immunity to poison.
   It can be activated via the 'a'bility menu to radiate toxic energy, with
   effectiveness depending on Evocations skill.
Armour
 a - a +1 robe
 C - a +0 cloak (worn)
 F - a +0 pair of gloves (worn)
 S - the +2 robe of Norol Xap (worn) {rPois rF+ Str+5}
   (You took it off an orc on level 12 of the Dungeon)

   Str:       It affects your strength (+5).
   rF:        It protects you from fire.
   rPois:     It protects you from poison.
 Z - a +0 helmet (worn)
Jewellery
 c - a ring of protection from fire
 i - the amulet "Bytyk" (around neck) {rC+ Regen+}
   (You found it on level 2 of the Dungeon)

   [amulet of regeneration]

   rC:        It protects you from cold.
   Regen:     It increases your rate of health regeneration.
 s - the ring "Umofexzy" (right hand) {MP+9 AC+4}
   (You found it on level 4 of the Dungeon)

   [ring of protection]

   AC:        It affects your AC (+4).
   MP:        It affects your magic capacity (+9).
 B - a ring of wizardry (left hand)
 D - a +4 ring of protection
 J - a ring of wizardry
 L - a ring of positive energy
 N - an amulet of magic regeneration
 P - an amulet of reflection
 X - an amulet of the acrobat
Wands
 t - a wand of charming (18)
 H - a wand of roots (9)
 M - a wand of acid (23)
 U - a wand of flame (13)
 Y - a wand of mindburst (12)
Scrolls
 e - 7 scrolls of vulnerability
 f - 3 scrolls of enchant armour
 h - 3 scrolls of blinking
 l - 3 scrolls of magic mapping {unknown}
 n - 5 scrolls of teleportation
 q - 5 scrolls of fog {unknown}
 r - 3 scrolls of fear {unknown}
 u - 3 scrolls of noise {unknown}
 y - 2 scrolls of poison {unknown}
 E - 2 scrolls of enchant weapon
 G - 5 scrolls of immolation {unknown}
 I - 6 scrolls of butterflies {unknown}
 O - a scroll of brand weapon {unknown}
 Q - a scroll of acquirement {unknown}
 R - a scroll of amnesia
 T - a scroll of torment
 V - a scroll of silence
Potions
 b - 2 potions of magic
 d - 16 potions of curing
 g - 3 potions of heal wounds
 j - 5 potions of attraction
 k - 2 potions of might
 m - 5 potions of brilliance
 o - a potion of cancellation
 p - 4 potions of lignification
 w - 2 potions of ambrosia
 x - 2 potions of berserk rage
 z - 3 potions of haste
 A - 4 potions of flight
 W - a potion of mutation
Miscellaneous
 v - a phantom mirror


   Skills:
 - Level 12.6 Fighting
 + Level 0.2 Armour
 - Level 12.7 Dodging
 - Level 1.7 Stealth
 + Level 10.5 Spellcasting
 + Level 12.6 Summonings
 - Level 5.0 Evocations


You had 5 spell levels left.
You knew the following spells:

 Your Spells              Type           Power      Damage    Failure   Level
a - Summon Small Mammal   Summ           100%       N/A       0%          1
b - Call Imp              Summ           100%       N/A       1%          2
c - Call Canine Familiar  Summ           73%        N/A       1%          3
d - Summon Guardian Gole  Hex/Summ       51%        N/A       1%          3
e - Summon Lightning Spi  Summ/Air       51%        N/A       1%          4
f - Summon Forest         Summ/Tloc      25%        N/A       3%          5
g - Summon Cactus Giant   Summ           36%        N/A       1%          6
h - Summon Mana Viper     Hex/Summ       51%        N/A       3%          5

Your spell library contained the following spells:

 Spells                   Type           Power      Damage    Failure   Level
 Beastly Appendage        Tmut           30%        N/A       1%          1
 Magic Dart               Conj           60%        1d6       1%          1
 Slow                     Hex            60%        N/A       1%          1
 Searing Ray              Conj           30%        2d5       2%          2
 Sublimation of Blood     Necr           15%        N/A       2%          2
 Wereblood                Tmut           15%        N/A       2%          2
 Confusing Touch          Hex            15%        N/A       4%          3
 Spider Form              Tmut/Pois      22%        N/A       4%          3
 Vampiric Draining        Necr           15%        2d7       4%          3
 Fulminant Prism          Conj/Hex       7%         3d6       14%         4
 Manifold Assault         Tloc           15%        N/A       14%         4
 Olgreb's Toxic Radiance  Pois           22%        N/A       14%         4
 Petrify                  Tmut/Erth      15%        N/A       14%         4
 Irradiate                Conj/Tmut      7%         3d14      36%         5
 Summon Hydra             Summ           36%        N/A       7%          7
 Dispersal                Tloc           7%         N/A       89%         6
 Eringya's Noxious Bog    Tmut/Pois      11%        N/A       89%         6
 Discord                  Hex            7%         N/A       100%        8
 Disjunction              Tloc           7%         N/A       100%        8
 Ignition                 Fire           7%         3d5       100%        8


Dungeon Overview and Level Annotations

Branches:
Dungeon (13/15)            Temple (0/1) D:5            Lair (5/5) D:9
  Swamp (0/4) Lair:3        Snake (0/4) Lair:2        Slime (0/5) Lair:5
    Orc (2/2) D:12            Elf (0/3) Orc:2         Sewer (visited)
 Vaults: D:13-14

Shops:
D:1 ?   D:8 *   D:9 *   Orc:2 (:[[

Annotations:
D:3 3 runed translucent doors, hgbash's ghost, weakling GrEE
D:8 1 runed translucent door


Innate Abilities, Weirdness & Mutations

You have an increased reservoir of magic. (+10% MP)
You shall have no god before yourself.
Your divine heritage dramatically boosts your attributes as you level up.


Message History

A root smacks the yaktaur from below!
The yaktaur shoots a bolt.
The bolt hits you!!
Casting: Summon Mana Viper (dangerous; 3% risk of failure)
Confirm with . or Enter, or press ? or * to list all spells.
The yaktaur is hit by a branch!
Something barely misses your dryad.
The yaktaur unwields a +0 arbalest.
The yaktaur hits your dryad!
Your dryad hits the yaktaur!
Casting: Call Canine Familiar (safe; 1% risk of failure)
Confirm with . or Enter, or press ? or * to list all spells.
A guardian golem appears, shielding your allies.
A root smacks the yaktaur from below!
The yaktaur dies!
Something hits your dryad.
The yaktaur captain shoots a bolt.
The bolt hits your mana viper!
Your mana viper seems to slow down.
The bolt freezes your mana viper.
Casting: Summon Guardian Golem (safe; 1% risk of failure)
Confirm with . or Enter, or press ? or * to list all spells.
An electric hum fills the air.
A root smacks the wraith from below!
Something hits your dryad!!
The yaktaur captain shoots a bolt.
The bolt hits you!!! The bolt freezes you.
The yaktaur is hit by a branch!
A tree reaches out and hits the wraith!
A root smacks the yaktaur captain from below!
The yaktaur wields a +0 arbalest.
The yaktaur shoots a bolt.
The bolt hits your dryad!!
Your mana viper bites the yaktaur captain.
The yaktaur captain shoots a bolt.
The bolt hits you!!
* * * LOW HITPOINT WARNING * * *
The bolt freezes you.
* * * LOW HITPOINT WARNING * * *
Your cactus giant hits the wraith with a +0 giant spiked club.
Your dryad barely misses the wraith.
Your guardian golem overheats!
A root lunges up near the wraith.
The yaktaur is hit by a branch!
The yaktaur dies!
A tree reaches out and hits the yaktaur captain!
The forest calms down.
Your mana viper bites the yaktaur captain.
The yaktaur captain shoots a bolt.
The bolt hits you!!
You die...

########§# #.# ♣ #.# .#
#.♣###♣###♣♣##.#
########....)♣........##
...............♣♣.......
######...c...)WR9.......
#..######♣Ch.♣#### #..#
#.@.♣ ######^.# #...#
........######♣.8.♣#####
..............cS........
#######.....>...........
#..########♣#♣♣###
......>........
...............
#######...#####


You could see a yaktaur captain (ally target), a wraith (distracted, ally
target), a friendly dryad (summoned, sheltered), a friendly mana viper
(summoned, sheltered, slow), a friendly cactus giant (summoned, sheltered), a
friendly guardian golem (summoned, inner flame), a friendly warg (summoned,
sheltered) and a friendly lightning spire (summoned, sheltered).

Vanquished Creatures
  A catoblepas (Lair:5)
  A black mamba (Lair:3)
  A raiju (Lair:5)
  2 yaks
  A redback (D:8)
  A vampire mosquito (D:11)
  2 water moccasins
  2 hell hounds (Lair:5)
  2 orc warriors
  2 orc priests (D:10)
  3 orc wizards
  3 orcs
  An endoplasm (Sewer)
  A giant cockroach (D:1)
  A goblin (D:1)
  2 bats
  3 rats
29 creatures vanquished.

Vanquished Creatures (collateral kills)
  Jorgrun (Orc:2)
  An ice dragon (Lair:5)
  5 hydras
  A ghost crab (Lair:3)
  A two-headed ogre (Orc:1)
  The ghost of cforsyth the Summoner, a journeyman OpSu of Gozag (D:9)
  2 boulder beetles
  3 orc high priests (Orc:2)
  Nergalle (Lair:2)
  2 skysharks
  A spectral hydra (Lair:3)
  3 orc knights (Orc:2)
  A lindwurm (Lair:5)
  2 ugly things
  A spectral boulder beetle (Lair:3)
  4 orc sorcerers
  4 elephants (Lair:5)
  5 black mambas
  Maurice (D:11)
  Joseph (Lair:1)
  6 cane toads
  6 torpor snails
  2 unseen horrors
  4 rime drakes
  6 komodo dragons
  2 yaktaurs (D:13)
  3 trolls
  3 tyrant leeches (Lair:5)
  7 hornets (Lair:5)
  8 polar bears
  3 raiju (Lair:5)
  11 blink frogs
  A spectral black mamba (Lair:3)
  A centaur simulacrum (D:11)
  A spriggan (shapeshifter) (D:13)
  39 yaks
  A shadow (D:12)
  A wraith (D:11)
  A nameless horror (D:6)
  2 vampires
  4 basilisks
  4 redbacks (D:8)
  7 vampire mosquitoes
  3 steam dragons
  6 wargs
  28 water moccasins
  10 hell hounds (Lair:5)
  11 black bears (Lair:5)
  20 orc warriors
  A sky beast (D:7)
  3 ogres
  18 wolves
  2 centaurs (D:7)
  2 gnoll sergeants
  7 scorpions
  9 bullfrogs
  5 wights
  12 killer bees
  6 howler monkeys
  An electric eel (Lair:4)
  6 hounds
  A gnoll bouda (D:6)
  2 jellies
  24 orc priests
  2 sleepcaps (D:5)
  7 iguanas
  18 orc wizards
  19 gnolls
  2 river rats (Sewer)
  10 adders
  2 shadow imps (D:8)
  A white imp (D:6)
  An ufetubus (D:3)
  5 worms
  3 dart slugs
  78 orcs
  10 ball pythons
  5 endoplasms
  4 giant cockroaches
  5 goblins
  4 hobgoblins
  2 jackals (D:3)
  3 quokkas
  3 bats
  4 frilled lizards (D:3)
  11 kobolds
  11 rats
  3 bushes
  A snaplasher vine (Orc:2)
555 creatures vanquished.

Vanquished Creatures (others)
  A hydra (D:12)
  A two-headed ogre (D:11)
  An orc knight (Orc:2)
  2 manticores
  A cane toad (Lair:5)
  2 komodo dragons
  3 polar bears
  3 trolls
  A tyrant leech (Lair:5)
  2 blink frogs
  A wyvern (D:9)
  A centaur simulacrum (D:11)
  Sigmund (D:5)
  2 wraiths
  5 yaks
  6 vampire mosquitoes
  4 redbacks (D:8)
  A warg (D:9)
  A hell hound (Lair:5)
  3 water moccasins
  An orc warrior (D:5)
  An ogre (D:7)
  2 wolves
  A centaur (D:11)
  A bullfrog (Lair:1)
  4 scorpions (D:8)
  2 wights
  7 killer bees
  A hound (D:5)
  A sleepcap (D:5)
  An orc wizard (Orc:2)
  An adder (D:8)
  A gnoll (D:8)
  A white imp (D:11)
  2 orcs
  34 fungi
  78 plants
  3 snaplasher vines
184 creatures vanquished.

Grand Total: 768 creatures vanquished

Notes
Turn   | Place    | Note
-------+----------+-------------------------------------------
     0 | D:1      | cforsyth the Demigod Summoner began the quest for the Orb.
     0 | D:1      | Reached XP level 1. HP: 14/14 MP: 5/5
   220 | D:1      | Reached XP level 2. HP: 10/20 MP: 1/7
   223 | D:1      | Learned a level 2 spell: Call Imp
   477 | D:1      | Found Wolatt's Magic Scroll Boutique.
  1633 | D:2      | Reached XP level 3. HP: 6/26 MP: 6/9
  1637 | D:2      | Learned a level 3 spell: Call Canine Familiar
  1796 | D:2      | Identified the amulet "Bytyk" {rC+ Regen+}
  2723 | D:3      | Reached XP level 4. HP: 33/33 MP: 4/11
  2932 | D:3      | Found a glowing drain.
  2990 | Sewer    | Entered a sewer
  3655 | Sewer    | Reached XP level 5. HP: 38/38 MP: 11/13
  3753 | Sewer    | Reached skill level 5 in Summonings
  4054 | D:3      | Found a runed translucent gate.
  4054 | D:3      | Found a runed translucent gate.
  4055 | D:3      | Found a runed translucent gate.
  4057 | D:3      | Noticed hgbash's ghost (weakling GrEE)
  4722 | D:4      | Reached XP level 6. HP: 28/45 MP: 6/15
  4830 | D:4      | Identified the ring "Umofexzy" {MP+9 AC+4}
  5218 | D:5      | Entered Level 5 of the Dungeon
  5311 | D:5      | Noticed a wraith
  5329 | D:5      | Learned a level 3 spell: Summon Guardian Golem
  5360 | D:5      | Noticed a water moccasin
  5360 | D:5      | Noticed a water moccasin
  5378 | D:5      | Killed a wraith
  5379 | D:5      | Reached skill level 5 in Spellcasting
  5379 | D:5      | Reached XP level 7. HP: 50/50 MP: 18/18
  5660 | D:5      | Found a staircase to the Ecumenical Temple.
  5691 | D:5      | Identified the +5 falchion of Bebolliu {pain, *Rage rF+ rC+
                  | Dex+7}
  5863 | D:5      | Reached XP level 8. HP: 57/57 MP: 20/20
  5912 | D:5      | Noticed Sigmund
  5955 | D:5      | Killed Sigmund
  6052 | D:5      | Learned a level 4 spell: Summon Lightning Spire
  6524 | D:6      | Noticed a nameless horror
  6559 | D:6      | Killed a nameless horror
  6816 | D:6      | Reached XP level 9. HP: 62/62 MP: 24/24
  8090 | D:8      | Reached skill level 10 in Summonings
  8317 | D:8      | Found Agrocw's Assorted Antiques.
  8416 | D:8      | Found a runed translucent gate.
  8417 | D:8      | Found a runed translucent gate.
  8418 | D:8      | Found the +9 staff of Olgreb {rPois∞}
  8425 | D:8      | Found a runed translucent door.
  8465 | D:8      | Found a runed translucent door.
  8475 | D:8      | Found a runed translucent gate.
  8536 | D:8      | Reached XP level 10. HP: 50/69 MP: 11/27
  9195 | D:8      | Reached skill level 1 in Fighting
  9531 | D:8      | Identified the +9 dagger "Dragonslayer" {drain, Fragile
                  | Dex+4}
  9989 | D:9      | Found a staircase to the Lair.
 10000 | D:9      | Reached skill level 1 in Evocations
 10305 | D:9      | Found a runed translucent door.
 10305 | D:9      | Noticed cforsyth's ghost (journeyman OpSu)
 10465 | D:9      | Found Ywosorim's Assorted Antiques.
 10527 | D:9      | Bought a fuming ruby potion for 22 gold pieces
 10773 | D:9      | Killed cforsyth's ghost
 10833 | D:10     | Entered Level 10 of the Dungeon
 11306 | D:10     | Reached XP level 11. HP: 83/83 MP: 19/29
 12248 | D:11     | Reached skill level 5 in Dodging
 12263 | D:11     | Noticed a two-headed ogre
 12281 | D:11     | Killed a two-headed ogre
 12292 | D:11     | Reached skill level 5 in Fighting
 12409 | D:11     | Noticed a boulder beetle
 12471 | D:11     | Killed a boulder beetle
 12835 | D:11     | Reached skill level 5 in Evocations
 13182 | D:12     | Noticed Maurice
 13218 | D:11     | Killed Maurice
 13842 | D:12     | Noticed a boulder beetle
 13933 | D:12     | Noticed an eight-headed hydra
 13953 | D:12     | Killed an eight-headed hydra
 14128 | D:12     | Killed a boulder beetle
 14129 | D:12     | Reached XP level 12. HP: 100/100 MP: 27/30
 14246 | D:12     | Upgraded the game from 0.30-a0-1116-gebefce21f7 to
                  | 0.30-a0-1157-g2cc9ac7196
 14456 | D:12     | Learned a level 5 spell: Summon Forest
 14463 | D:12     | Learned a level 6 spell: Summon Cactus Giant
 14469 | D:12     | Learned a level 5 spell: Summon Mana Viper
 14509 | D:12     | Identified the +2 robe of Norol Xap {rPois rF+ Str+5}
 14659 | D:12     | Found a staircase to the Orcish Mines.
 14958 | Lair:1   | Entered Level 1 of the Lair of Beasts
 15132 | Lair:1   | Noticed Joseph
 15144 | Lair:1   | Killed Joseph
 16392 | Lair:2   | Noticed Nergalle
 16399 | Lair:2   | Killed Nergalle
 16607 | Lair:2   | Found a staircase to the Snake Pit.
 17718 | Lair:3   | Noticed a seven-headed hydra
 17728 | Lair:3   | Killed a seven-headed hydra
 17836 | Lair:3   | Noticed a four-headed hydra
 17844 | Lair:3   | Killed a four-headed hydra
 18570 | Lair:3   | Reached skill level 10 in Dodging
 18570 | Lair:3   | Reached XP level 13. HP: 112/112 MP: 3/31
 18713 | Lair:3   | Found a staircase to the Swamp.
 19480 | Lair:4   | Reached skill level 10 in Fighting
 20592 | Lair:5   | Entered Level 5 of the Lair of Beasts
 20747 | Lair:5   | Found a staircase to the Slime Pits.
 21127 | Lair:5   | Found a runed translucent door.
 22753 | Lair:5   | Reached XP level 14. HP: 114/126 MP: 20/32
 23607 | Orc:1    | Entered Level 1 of the Orcish Mines
 23836 | D:1      | Bought a scroll of teleportation for 36 gold pieces
 23836 | D:1      | Bought a scroll of identify for 24 gold pieces
 24036 | D:8      | Bought a scroll of identify for 56 gold pieces
 24036 | D:8      | Bought a scroll of identify for 56 gold pieces
 24104 | D:9      | Bought a scroll of identify for 50 gold pieces
 24865 | Orc:2    | Entered Level 2 of the Orcish Mines
 25519 | Orc:2    | Noticed Jorgrun
 25536 | Orc:2    | Killed Jorgrun
 25537 | Orc:2    | Reached skill level 10 in Spellcasting
 26257 | Orc:2    | Found a staircase to the Elven Halls.
 26510 | Orc:2    | Found Garod's Antique Weapon Boutique.
 26510 | Orc:2    | Found Xouthoch's Armour Emporium.
 26512 | Orc:2    | Found Yckaojux's Book Boutique.
 26512 | Orc:2    | Found Fimmuc's Antique Armour Emporium.
 27111 | D:13     | Shot with a bolt by a yaktaur captain

Illustrated notes

Levels and vault maps discovered:
D:1:      beargit_arrival_greenhouse, layout_basic,
          shapermc_ecumenical_altar_pompeii, serial_shops, shop
D:2:      layout_basic, basic_altar, nicolae_titane
D:3:      layout_rooms, lemuel_coloured_pillars_altar,
          nicolae_overflow_ecumenical_swirl, gammafunk_ghost_necromancy,
          portal_sewer_entry_c
D:4:      layout_rooms
D:5:      minmay_clustersquares, layout_basic, minmay_temple_entry_stoned_glass,
          uniq_sigmund
D:6:      layout_gridville
D:7:      layout_loops_ring
D:8:      layout_basic, serial_shops, nicolae_inconvenience_store,
          minmay_guarded_unrand_staff_of_olgreb
D:9:      layout_roguey, erik_lair_orcish_takeover,
          hellmonk_ghost_happy_afterlife, serial_shops, nicolae_stop_n_shop_1
D:10:     layout_gridville, roderic_roman_lattice
D:11:     layout_roguey, serial_ice, serial_ice_o, serial_ice_b, serial_ice_l,
          serial_ice_a
D:12:     layout_cross, david_orc_5, uniq_maurice
D:13:     layout_long_grid, david_vaults_2, uniq_azrael
Lair:1:   layout_regular_city, uniq_joseph
Lair:2:   layout_hall_layers, minmay_snake_entry_six_corridors,
          lemuel_fruit_tree, uniq_nergalle
Lair:3:   layout_cave_pods, nicolae_swamp_entry_spooky,
          minmay_stone_trees_medium, infiniplex_staircase_pool_2
Lair:4:   layout_long_grid, serial_bayou_shore_a
Lair:5:   hangedman_lair_caniforms_friends, layout_cave_pods, wormcave,
          slime_entry_1
Orc:1:    layout_caves
Orc:2:    grunt_orc_tribal_feast, layout_diamond_mine, uniq_jorgrun

Skill      XL: |  1  2  3  4  5  6  7  8  9 10 11 12 13 14 |
---------------+-------------------------------------------+-----
Spellcasting   | 2 3 4 5 6 7 9 10 | 10.5
Summonings     | 4 5 6 7 8 10 11 12 | 12.6
Fighting       | 3 7 9 12 | 12.6
Dodging        | 4 7 10 12 | 12.7
Evocations     | 3 5 |  5.0
Armour         | |  0.2
Stealth        | |  1.7

Action                     |  1- 3 |  4- 6 |  7- 9 | 10-12 | 13-15 || total
---------------------------+-------+-------+-------+-------+-------++-------
  Melee: Unarmed           |   108 |    44 |    28 |     2 |       ||   182
         Punch             |     1 |     2 |     1 |       |       ||     4
         Staff             |       |       |       |    32 |    51 ||    83
   Cast: Summon Small Mamm |    28 |    22 |    55 |    33 |     2 ||   140
         Call Imp          |    19 |    21 |    25 |    29 |     3 ||    97
         Call Canine Famil |     5 |    21 |    25 |    61 |    33 ||   145
         Summon Guardian G |       |     1 |    27 |    67 |    29 ||   124
         Summon Lightning  |       |       |     5 |    43 |    27 ||    75
         Summon Cactus Gia |       |       |       |    26 |    70 ||    96
         Summon Mana Viper |       |       |       |    22 |    58 ||    80
         Summon Forest     |       |       |       |    21 |    35 ||    56
Ability: Evoke the Staff o |       |       |       |    19 |       ||    19
    Use: Scroll            |     7 |     1 |     3 |     4 |     6 ||    21
   Stab: Distracted        |       |     1 |     1 |     2 |     2 ||     6
         Sleeping          |       |       |     1 |       |       ||     1
 Armour: Robe              |    25 |    18 |    27 |    63 |    41 ||   174
  Dodge: Dodged            |    87 |    31 |    61 |   130 |   147 ||   456

Table legend: (Time is in decaauts)
 A = Elapsed time spent in this place.
 B = Non-inter-level travel time spent in this place.
 C = Inter-level travel time spent in this place.
 D = Time resting spent in this place.
 E = Time spent auto-exploring this place.
 F = Levels seen in this place.
 G = Mean time per level.
                   A        B        C        D        E       F      G
               +--------+--------+--------+--------+--------+-----+--------+
         Total |  27293 |  25714 |   1579 |   3196 |  17368 |  21 | 1299.7 |
       Dungeon |  15100 |  13861 |   1239 |   2113 |   8481 |  13 | 1161.5 |
          Lair |   8679 |   8390 |    289 |    231 |   6948 |   5 | 1735.8 |
  Orcish Mines |   2499 |   2449 |     50 |    574 |   1464 |   2 | 1249.5 |
         Sewer |   1013 |   1013 |      0 |    278 |    474 |   1 | 1013.0 |
               +--------+--------+--------+--------+--------+-----+--------+

Top non-repeatable levels by time:
  Lair:5: 2785 daAuts
    D:11: 2342 daAuts
     D:8: 1935 daAuts
   Orc:2: 1799 daAuts
  Lair:3: 1625 daAuts
  Lair:4: 1552 daAuts
  Lair:1: 1503 daAuts
     D:2: 1405 daAuts
     D:1: 1326 daAuts
    D:12: 1238 daAuts
  Lair:2: 1213 daAuts
     D:5: 1183 daAuts
     D:7: 1138 daAuts
   Sewer: 1013 daAuts
    D:10: 1009 daAuts
